 Dungeon Crawl Stone Soup version 0.27.1-3-gb3d3a73c9e (webtiles) character file.

Game seed: 6340109824026268005

205 H0rd4k the Charlatan (level 6, -2/44 HPs)
             Began as a Human Artificer on Oct 12, 2021.
             Succumbed to an orc wizard's poison
             ... on level 3 of the Dungeon.
             The game lasted 00:04:20 (4569 turns).

H0rd4k the Charlatan (Human Artificer)              Turns: 4569, Time: 00:04:21

Health: -2/44      AC:  4    Str: 14    XL:     6   Next: 9%
Magic:  6/6        EV: 12    Int: 12    God:
Gold:   73         SH:  0    Dex: 19    Spells: 5/5 levels left

rFire    . . .     SeeInvis .   n - +1 short sword (venom)
rCold    . . .     Faith    .   (no shield)
rNeg     . . .     Spirit   .   b - +0 leather armour
rPois    .         Reflect  .   (no helmet)
rElec    .         Harm     .   (no cloak)
rCorr    .         Rampage  .   (no gloves)
Will     .....                  g - +0 pair of boots
Stlth    ++........             (no amulet)
HPRegen  0.14/turn              l - +6 ring of dexterity
MPRegen  0.10/turn              (no ring)

@: mighty, lethally poisoned (-2 -> -27)
A: no striking features
a: no special abilities


You were on level 3 of the Dungeon.
You visited 1 branch of the dungeon, and saw 5 of its levels.

You collected 73 gold pieces.

Inventory:

Hand Weapons
 n - a +1 short sword of venom (weapon)
Missiles
 i - 12 poisoned darts
Armour
 b - a +0 leather armour (worn)
 g - a +0 pair of boots (worn)
Jewellery
 l - a +6 ring of dexterity (left hand)
Wands
 c - a wand of flame (8) (quivered)
 d - a wand of charming (14)
Scrolls
 j - a scroll of fear {unknown}
 k - a scroll of amnesia {unknown}
 p - 2 scrolls of blinking {unknown}
Potions
 a - a potion of haste {unknown}
 m - a potion of might
 o - a potion of berserk rage
Miscellaneous
 e - a piece from Xom's chessboard (15/15)


   Skills:
 + Level 1.9 Fighting
 + Level 3.2(3.3) Short Blades
 + Level 1.1(2.3) Long Blades
 - Level 2.0 Armour
 + Level 2.2 Dodging
 - Level 1.0 Stealth
 + Level 4.1 Evocations


You had 5 spell levels left.
You didn't know any spells.
Your spell library contained the following spells:

 Spells                   Type           Power      Damage    Failure   Level
 Beastly Appendage        Tmut           0%         N/A       38%         1
 Wereblood                Tmut           0%         N/A       52%         2
 Spider Form              Tmut/Pois      0%         N/A       77%         3


Dungeon Overview and Level Annotations

Branches:
Dungeon (5/15)
 Temple: D:4-7

Altars:
Nemelex Xobeh
Qazlal
Uskayaw


Message History

Something hits you but does no damage.
You are lethally poisoned!
You feel very sick. Something hits you.
You are more poisoned.
Things that are here:
a +0 club; an orc corpse
* * * LOW HITPOINT WARNING * * *
You feel very sick. Something hits you.
* * * LOW HITPOINT WARNING * * *
You are more poisoned.
You feel better. Something hits you.
You miss something. Something hits you but does no damage.
You are poisoned.
You closely miss something.
You feel very sick. Something hits you but does no damage.
You are lethally poisoned!
You barely miss something.
* * * LOW HITPOINT WARNING * * *
You feel very sick. Something barely misses you.
Unknown command.
You feel better. Something hits you.
* * * LOW HITPOINT WARNING * * *
You are poisoned.
You feel very mighty all of a sudden.
You feel sick. Something hits you.
* * * LOW HITPOINT WARNING * * *
You are lethally poisoned!
Unknown command.
You closely miss something.
* * * LOW HITPOINT WARNING * * *
You feel very sick. Something hits you.
* * * LOW HITPOINT WARNING * * *
You are more poisoned.
You puncture something!
You die...

#............##..≈.....#.≈.#.
#########........≈.#._.#.≈...
######.#.≈.#.....≈.##
#########.#.≈.#####.≈.#
#.......#>[.≈.......≈.# #######
#.......#..)≈≈≈≈.≈≈≈≈.# ......#
#.......#.........)...##
#####.####.....{>##...#...####.##
#..........)@####.#.### #...
######.......# #...## ##.#
#.........# ##...# #.#
#.#....#### #...# #..
########.#..#....# #...# ##..
#.....##.#.#..##.#####...#####.#.
#.....##.#.......#............###
#............................## #
#.....####.......#............###


There were no monsters in sight!

Vanquished Creatures
  An orc priest (D:4)
  A centaur skeleton (D:4)
  An orc wizard (D:4)
  3 adders
  2 worms (D:2)
  8 orcs
  5 ball pythons (D:1)
  5 endoplasms
  6 giant cockroaches
  13 hobgoblins
  A jackal (D:2)
  6 kobolds
  5 quokkas
  4 bats
  3 frilled lizards
  4 goblins
  11 rats
79 creatures vanquished.

Notes
Turn   | Place    | Note
-------+----------+-------------------------------------------
     0 | D:1      | H0rd4k the Human Artificer began the quest for the Orb.
     0 | D:1      | Reached XP level 1. HP: 15/15 MP: 1/1
   271 | D:1      | Reached XP level 2. HP: 10/21 MP: 2/2
  1032 | D:1      | Reached XP level 3. HP: 22/26 MP: 3/3
  1712 | D:2      | Reached skill level 4 in Evocations
  2153 | D:2      | Reached XP level 4. HP: 32/32 MP: 4/4
  2189 | D:2      | Reached skill level 1 in Short Blades
  2301 | D:2      | Reached skill level 1 in Long Blades
  3408 | D:3      | Found a stormy altar of Qazlal.
  3461 | D:3      | Found a sparkling altar of Nemelex Xobeh.
  3508 | D:3      | Reached XP level 5. HP: 37/37 MP: 5/5
  3525 | D:3      | Found a hide-covered altar of Uskayaw.
  3537 | D:3      | Found a faded altar of an unknown god.
  4018 | D:5      | Entered Level 5 of the Dungeon
  4453 | D:4      | Reached XP level 6. HP: 32/44 MP: 6/6
  4569 | D:3      | Succumbed to an orc wizard's poison

Illustrated notes

Levels and vault maps discovered:
D:1:      scummos_arrival_forest, layout_basic
D:2:      layout_basic, st_stairs_4, hangedman_decor_growths, hex_large,
          minmay_small_reverse_x
D:3:      layout_loops_cross, mainiacjoe_overflow_chevrons,
          mainiacjoe_overflow_surrounded_room, mainiacjoe_overflow_brackets,
          hellmonk_ecumenical_altar_arch_garden, skrybe_limestone_x
D:4:      layout_loops_corners
D:5:      layout_loops_ring, kennysheep_little_box, gammafunk_ghost_stat_death,
          serial_shops, nicolae_shop_trees, nicolae_shop_behind_doors,
          nicolae_shop_crystal, corner_web_ring,
          amcnicky_mini_rare_corridor_liquid

Skill      XL: |  1  2  3  4  5 |
---------------+----------------+-----
Evocations     | 4 |  4.1
Short Blades   | 1 3 |  3.2
Long Blades    | 1 |  1.1
Dodging        | 2 |  2.2
Fighting       | |  1.9
Armour         | |  2.0
Stealth        | |  1.0

Action                   |  1- 3 |  4- 6 || total
-------------------------+-------+-------++-------
Melee: Dagger            |    79 |       ||    79
       Club              |     1 |       ||     1
       Falchion          |    38 |       ||    38
       Short sword       |    14 |   115 ||   129
Evoke: Wand              |     1 |     7 ||     8
  Use: Scroll            |       |     3 ||     3
       Potion            |       |     3 ||     3
 Stab: Sleeping          |     4 |     3 ||     7
Armor: Leather armour    |    28 |    33 ||    61
Dodge: Dodged            |    87 |    51 ||   138
       Rpst.: Falchion   |     6 |       ||     6
